 Dungeon Sprint DCSS version 0.29.1-2-gbd0b4ee654 (webtiles) character file.

Game seed: 7353263465222456655

52379 Groucho the Ninja (level 14, -4/80 HPs)
             Began as a Spriggan Fighter on Nov 5, 2022.
             Was a Follower of Uskayaw.
             Slain by a fire giant
             ... wielding a +2 great sword of flaming
              (31 damage)
             ... in the Dungeon (Sprint IX: "|||||||||||||||||||||||||||||").
             The game lasted 00:22:12 (9319 turns).

Groucho the Ninja (Spriggan Fighter)                Turns: 9319, Time: 00:22:13

Health: -4/80      AC: 11    Str: 20    XL:     14   Next: 26%
Magic:  28/28      EV: 35    Int: 10    God:    Uskayaw [*.....]
Gold:   1113       SH:  9    Dex: 15    Spells: 13/13 levels left

rFire   . . .      SeeInvis +   m - +2 rapier (vorpal)
rCold   + . .      Faith    .   c - +0 buckler
rNeg    . . .      Spirit   .   i - +1 steam dragon scales of Limited Liability {Fly rC+ Str+4}
rPois   .          Reflect  .   C - +2 hat
rElec   .          Harm     .   s - +0 cloak
rCorr   .          Rampage  .   (gloves unavailable)
Will    ++...      NoTele   +   (boots unavailable)
Stlth   +++++++++.              (no amulet)
HPRegen 0.23/turn               a - +2 ring of evasion
MPRegen 0.21/turn               n - +2 ring of protection

@: flying, very quick
A: very small, no large weapons, unfitting armour, see invisible, speed 3
a: Renounce Religion, Stomp


You were in the Dungeon.
You worshipped Uskayaw.
Uskayaw was most pleased with you.
You visited 1 branch You collected 1826 gold pieces.
You spent 713 gold pieces at shops.

Inventory:

Hand Weapons
 m - a +2 vorpal rapier (weapon)
 H - a +3 quick blade
Missiles
 y - 5 curare-tipped darts (quivered)
 D - 2 throwing nets
Armour
 b - a +0 robe
 c - a +0 buckler (worn)
 i - the +1 steam dragon scales of Limited Liability (worn) {Fly rC+ Str+4}
   (You found it in the Dungeon)

   Str:       It affects your strength (+4).
   rC:        It protects you from cold.
   Fly:       It grants you flight.
 s - a +0 cloak (worn)
 C - a +2 hat (worn)
Jewellery
 a - a +2 ring of evasion (left hand)
 n - a +2 ring of protection (right hand)
 E - a ring of fire
 F - a ring of ice
 G - a ring of fire
Wands
 l - a wand of light (21)
Scrolls
 d - 4 scrolls of identify
 f - a scroll of vulnerability
 j - 3 scrolls of blinking
 k - 2 scrolls of amnesia
 o - 8 scrolls of enchant armour
 p - 2 scrolls of butterflies
 q - a scroll of fear
 t - a scroll of magic mapping
 u - 2 scrolls of poison
 A - a scroll of immolation
 B - 2 scrolls of torment
Potions
 e - 7 potions of curing
 g - a potion of haste
 h - 3 potions of magic
 r - a potion of mutation
 v - a potion of attraction
 w - a potion of cancellation
 x - a potion of brilliance
 z - a potion of flight
 J - a potion of resistance


   Skills:
 + Level 12.2 Fighting
 + Level 15.4 Short Blades
 * Level 24.5 Dodging
 O Level 27 Stealth
 * Level 12.3 Shields
 * Level 18.9 Invocations


You had 13 spell levels left.
You didn't know any spells.
Your spell library was empty.

Dungeon Overview and Level Annotations

Branches:
Dungeon (1/1)

Altars:
Cheibriados
Dithmenos
Elyvilon
Fedhas
Gozag
Hepliaklqana
Kikubaaqudgha
Makhleb
Nemelex Xobeh
Okawaru
Qazlal
Ru
Sif Muna
Trog
Uskayaw
Vehumet
Wu Jian
Xom
Yredelemnul
Zin
The Shining One
Jiyva
Lugonu

Shops:
D ?[!*


Innate Abilities, Weirdness & Mutations

You are very small and have problems with some larger weapons.
You are too small for most types of armour.
You have supernaturally acute eyesight. (SInv)
You cover ground extremely quickly. (Speed+++)


Message History

The spriggan berserker is severely wounded.
You hit the spriggan berserker.
The spriggan berserker is severely wounded.
You hit the spriggan berserker.
The spriggan berserker is almost dead.
You completely miss the spriggan berserker.
The spriggan berserker is almost dead.
The spriggan berserker invokes Trog's protection!
You miss the spriggan berserker.
The spriggan berserker is almost dead.
You hit the spriggan berserker but do no damage.
The spriggan berserker is almost dead.
You puncture the spriggan berserker!
The spriggan berserker is almost dead.
Uskayaw will force your foes to helplessly watch your dance.
Uskayaw prepares the audience for your solo!
The helpless spriggan berserker fails to defend itself.
You stick the spriggan berserker like a pincushion!!!!!
You kill the spriggan berserker!
There is an open door, spattered with blood here.
Things that are here:
a +0 flail; a +0 animal skin; a spriggan corpse Unknown command.
Unknown command.
Your extra speed is starting to run out.
You feel yourself slow down.
Things that are here:
a +0 dagger of venom; a +0 robe
Things that are here:
a +0 dagger; a +0 robe Unknown command.
Unknown command.
The fire giant shouts!
The fire giant casts a spell at you. The bolt of fire misses you.
The fire giant hits you with a +2 great sword of flaming!!!
The fire giant burns you!
You hit the fire giant but do no damage.
The fire giant hits you with a +2 great sword of flaming!!
You die...

▓▓▓▓▓▓▓▓▓▓▓▓▓▓▓▓▓▓▓▓▓▓▓▓▓
DC)CiZp.................▓
▓▓▓▓▓▓▓▓▓▓▓▓▓▓▓▓▓▓▓▓▓▓▓C▓
................@C......▓
▓▓▓▓▓▓▓▓▓▓▓▓▓▓▓▓▓▓▓▓▓▓▓▓▓
).).)..)'...[...........▓
▓▓▓▓▓▓▓▓▓▓▓▓▓▓▓▓▓▓▓▓▓▓▓.▓
...........)..........).▓
▓▓▓▓▓▓▓▓▓▓▓▓▓▓▓▓▓▓▓▓▓▓▓▓▓
.))))).))..=..'.........▓
▓▓▓▓▓▓▓▓▓▓▓▓▓▓▓▓▓▓▓▓▓▓▓.▓
.........†......).......▓


You could see 2 fire giants.

Vanquished Creatures
  Gastronok (D)
  Donald (D)
  2 ghost moths (D)
  A broodmother (D)
  2 very ugly things (D)
  A stone giant (D)
  An entropy weaver (D)
  A bunyip (D)
  A merfolk javelineer (D)
  3 ettins (D)
  A fire dragon (D)
  A merfolk impaler (D)
  Harold (D)
  2 catoblepae (D)
  A ghost crab (D)
  3 ogre magi (D)
  3 hydras (D)
  A jorogumo (D)
  A centaur warrior (D)
  2 deep troll shamans (D)
  2 tengu warriors (D)
  4 death yaks (D)
  A deep troll earth mage (D)
  A vampire mage (D)
  An orc high priest (D)
  2 naga sharpshooters (D)
  A spriggan berserker (D)
  Nergalle (D)
  Sonja (D)
  A pharaoh ant (D)
  A goliath frog (D)
  2 sea snakes (D)
  2 spriggan druids (D)
  2 swamp dragons (D)
  A naga ritualist (D)
  3 orc knights (D)
  A necromancer (D)
  4 deep trolls (D)
  2 ugly things (D)
  An orc sorcerer (D)
  A wolf spider (D)
  3 manticores (D)
  A will-o-the-wisp (D)
  2 elephants (D)
  A merfolk siren (D)
  A cyclops (D)
  5 black mambas (D)
  A naga mage (D)
  2 guardian serpents (D)
  An unseen horror (D)
  2 rime drakes (D)
  A demonic crawler (D)
  A gargoyle (D)
  A meliai (D)
  3 trolls (D)
  A blink frog (D)
  2 culicivoras (D)
  A jumping spider (D)
  A water elemental (D)
  A jumping spider (shapeshifter) (D)
  3 yaks (D)
  Eustachio (D)
  2 basilisks (D)
  A vampire mosquito (D)
  6 water moccasins (D)
  6 orc warriors (D)
  2 bullfrogs (D)
  A killer bee (D)
  A howler monkey (D)
  A hound (D)
  3 orc priests (D)
  3 orc wizards (D)
  A hell rat (D)
  An adder (D)
  A worm (D)
  7 orcs (D)
  A giant cockroach (D)
  A goblin (D)
  A jackal (D)
  A kobold (D)
  A rat (D)
141 creatures vanquished.

Vanquished Creatures (collateral kills)
  A yak (D)
1 creature vanquished.

Vanquished Creatures (others)
  A centaur (D)
  A foxfire (D)
2 creatures vanquished.

Grand Total: 144 creatures vanquished

Notes
Turn   | Place    | Note
-------+----------+-------------------------------------------
     0 | D        | Groucho the Spriggan Fighter began the quest for the Orb.
     0 | D        | Reached XP level 1. HP: 11/11 MP: 2/2
    11 | D        | Reached skill level 1 in Stealth
    25 | D        | Reached skill level 2 in Stealth
   488 | D        | Noticed a howler monkey
   488 | D        | Noticed a hound
   493 | D        | Reached XP level 2. HP: 16/16 MP: 3/3
   500 | D        | Reached skill level 5 in Dodging
   500 | D        | Reached skill level 4 in Stealth
   500 | D        | Reached XP level 3. HP: 20/20 MP: 4/4
   512 | D        | Reached skill level 5 in Stealth
   512 | D        | Reached XP level 4. HP: 24/25 MP: 5/5
   541 | D        | Found a snail-covered altar of Cheibriados.
   541 | D        | Found a shadowy altar of Dithmenos.
   541 | D        | Found a white marble altar of Elyvilon.
   541 | D        | Found a blossoming altar of Fedhas.
   541 | D        | Found an opulent altar of Gozag.
   542 | D        | Found a hazy altar of Hepliaklqana.
   543 | D        | Found a viscous altar of Jiyva.
   544 | D        | Found an ancient bone altar of Kikubaaqudgha.
   545 | D        | Found a corrupted altar of Lugonu.
   546 | D        | Found a burning altar of Makhleb.
   547 | D        | Found a sparkling altar of Nemelex Xobeh.
   548 | D        | Found an iron altar of Okawaru.
   549 | D        | Found a stormy altar of Qazlal.
   550 | D        | Found a sacrificial altar of Ru.
   551 | D        | Found a shimmering blue altar of Sif Muna.
   552 | D        | Found a bloodstained altar of Trog.
   553 | D        | Found a hide-covered altar of Uskayaw.
   554 | D        | Found a radiant altar of Vehumet.
   555 | D        | Found an ornate altar of the Wu Jian Council.
   556 | D        | Found a shimmering altar of Xom.
   557 | D        | Found a basalt altar of Yredelemnul.
   558 | D        | Found a glowing silver altar of Zin.
   559 | D        | Found a glowing golden altar of the Shining One.
   561 | D        | Became a worshipper of Uskayaw the Reveller
   591 | D        | Noticed a yak
   591 | D        | Noticed a gargoyle
   591 | D        | Noticed a centaur
   591 | D        | Noticed an unseen horror
   595 | D        | Reached * piety under Uskayaw
   596 | D        | Killed a centaur
   597 | D        | Killed an unseen horror
   598 | D        | Reached skill level 8 in Stealth
   598 | D        | Reached XP level 5. HP: 30/30 MP: 5/9
   598 | D        | Reached XP level 6. HP: 34/34 MP: 5/10
   599 | D        | Reached ** piety under Uskayaw
   600 | D        | Killed a gargoyle
   600 | D        | Reached *** piety under Uskayaw
   601 | D        | Reached skill level 5 in Fighting
   601 | D        | Reached skill level 10 in Stealth
   601 | D        | Reached skill level 5 in Invocations
   601 | D        | Reached XP level 7. HP: 39/39 MP: 5/12
   605 | D        | Reached **** piety under Uskayaw
   606 | D        | Killed a yak
   606 | D        | Reached ***** piety under Uskayaw
   607 | D        | Reached skill level 10 in Dodging
   607 | D        | Reached skill level 11 in Stealth
   607 | D        | Reached skill level 5 in Shields
   609 | D        | Noticed a vampire mosquito
   609 | D        | Noticed a six-headed hydra
   609 | D        | Noticed a tarantella
   609 | D        | Noticed a meliai
   609 | D        | Noticed a deep elf pyromancer
   609 | D        | Noticed a basilisk
   611 | D        | Killed a basilisk
   611 | D        | Noticed a mana viper
   611 | D        | a tarantella changed into a mana viper
   613 | D        | Banished a deep elf pyromancer
   614 | D        | Reached skill level 12 in Stealth
   614 | D        | Reached XP level 8. HP: 44/44 MP: 6/14
   615 | D        | Killed a meliai
   616 | D        | Reached skill level 13 in Stealth
   616 | D        | Reached ****** piety under Uskayaw
   617 | D        | Noticed a jumping spider
   617 | D        | a mana viper changed into a jumping spider
   620 | D        | Killed a jumping spider
   621 | D        | Reached skill level 10 in Short Blades
   624 | D        | Banished a six-headed hydra
   625 | D        | Reached skill level 14 in Stealth
   625 | D        | Reached XP level 9. HP: 10/49 MP: 5/16
  1358 | D        | Got the +1 steam dragon scales of Limited Liability {Fly
                  | rC+ Str+4}
  1380 | D        | Noticed a black mamba
  1380 | D        | Noticed a rime drake
  1390 | D        | Killed a rime drake
  1391 | D        | Reached skill level 15 in Stealth
  1393 | D        | Noticed an elephant
  1421 | D        | Killed an elephant
  1430 | D        | Killed a black mamba
  1431 | D        | Reached skill level 16 in Stealth
  1431 | D        | Reached skill level 10 in Invocations
  1431 | D        | Reached XP level 10. HP: 44/55 MP: 2/18
  2130 | D        | Noticed a black mamba
  2131 | D        | Noticed an elephant
  2590 | D        | Killed an elephant
  2591 | D        | Killed a black mamba
  2592 | D        | Reached skill level 15 in Dodging
  2592 | D        | Reached skill level 17 in Stealth
  2844 | D        | Noticed a death yak
  2844 | D        | Noticed a death yak
  2844 | D        | Noticed a death yak
  2844 | D        | Noticed a catoblepas
  2844 | D        | Noticed a death yak
  2845 | D        | Noticed a catoblepas
  2846 | D        | Killed a death yak
  2847 | D        | Noticed a death yak
  2855 | D        | Killed a death yak
  2859 | D        | Killed a catoblepas
  2860 | D        | Reached skill level 18 in Stealth
  2870 | D        | Banished a death yak
  2871 | D        | Reached XP level 11. HP: 60/60 MP: 12/20
  2880 | D        | Killed a death yak
  2924 | D        | Killed a catoblepas
  2926 | D        | Killed a death yak
  2927 | D        | Reached skill level 19 in Stealth
  3481 | D        | Noticed an orc high priest
  3557 | D        | Noticed a sun demon
  3557 | D        | Noticed a soul eater
  3560 | D        | Killed an orc high priest
  4281 | D        | Noticed an orc sorcerer
  4282 | D        | Noticed an orc knight
  4332 | D        | Paralysed by an orc sorcerer for 5 turns
  4340 | D        | Killed an orc sorcerer
  4536 | D        | Killed an orc knight
  4588 | D        | Noticed an orc knight
  4599 | D        | Banished an orc knight
  4600 | D        | Reached skill level 20 in Stealth
  4607 | D        | Noticed an orc knight
  4624 | D        | Killed an orc knight
  4661 | D        | Found Yqueg's Assorted Antiques.
  4661 | D        | Noticed an ogre mage
  4661 | D        | Noticed an ettin
  4661 | D        | Noticed a deep troll
  4661 | D        | Noticed an ogre mage
  4662 | D        | Noticed a deep troll
  4663 | D        | Killed an ogre mage
  4664 | D        | Found Beasaklu's Distillery.
  4664 | D        | Noticed a deep troll
  4667 | D        | Noticed a deep troll
  4670 | D        | Killed a deep troll
  4690 | D        | Killed an ettin
  4691 | D        | Reached skill level 21 in Stealth
  4694 | D        | Killed an ogre mage
  4697 | D        | Found Kugenaruo's Armour Boutique.
  4697 | D        | Found Seoq's Magic Scroll Shop.
  4698 | D        | Reached XP level 12. HP: 23/66 MP: 15/23
  5071 | D        | Noticed an ogre mage
  5110 | D        | Killed an ogre mage
  5111 | D        | Reached skill level 22 in Stealth
  5150 | D        | Bought a scroll of vulnerability for 44 gold pieces
  5150 | D        | Bought a scroll of identify for 22 gold pieces
  5150 | D        | Bought a scroll of magic mapping for 82 gold pieces
  5150 | D        | Bought a scroll of poison for 44 gold pieces
  5150 | D        | Bought a scroll of poison for 44 gold pieces
  5154 | D        | Bought a potion of attraction for 36 gold pieces
  5154 | D        | Bought a potion of cancellation for 96 gold pieces
  5154 | D        | Bought a potion of brilliance for 48 gold pieces
  5154 | D        | Bought a potion of flight for 36 gold pieces
  5154 | D        | Bought a potion of curing for 36 gold pieces
  5154 | D        | Bought a potion of curing for 36 gold pieces
  5156 | D        | Bought a scroll labelled SASAAC IDARAOXITA for 21 gold
                  | pieces
  5156 | D        | Bought a scroll labelled YTOACU FI NIN for 21 gold pieces
  5156 | D        | Bought a scroll labelled EFRECU JIEMYST for 21 gold pieces
  5162 | D        | Bought a scroll of torment for 104 gold pieces
  5162 | D        | Bought a scroll of identify for 22 gold pieces
  5186 | D        | Noticed Sonja
  5201 | D        | Killed Sonja
  5296 | D        | Noticed Gastronok
  5303 | D        | Killed Gastronok
  5304 | D        | Noticed Harold
  5317 | D        | Killed Harold
  5318 | D        | Reached skill level 10 in Fighting
  5318 | D        | Reached skill level 15 in Invocations
  5382 | D        | Noticed a seven-headed hydra
  5382 | D        | Noticed a four-headed hydra
  5382 | D        | Noticed a centaur warrior
  5396 | D        | Killed a centaur warrior
  5396 | D        | Noticed a cyan very ugly thing
  5397 | D        | Reached skill level 23 in Stealth
  5400 | D        | Killed a seven-headed hydra
  5400 | D        | Killed a cyan very ugly thing
  5400 | D        | Killed a four-headed hydra
  5403 | D        | Noticed an ettin
  5408 | D        | Noticed a fire dragon
  5411 | D        | Noticed a deep troll earth mage
  5412 | D        | Killed an ettin
  5413 | D        | Reached skill level 24 in Stealth
  5413 | D        | Noticed an ettin
  5415 | D        | Noticed a stone giant
  5429 | D        | Killed a deep troll earth mage
  5429 | D        | Killed an ettin
  5430 | D        | Reached XP level 13. HP: 30/72 MP: 17/26
  5430 | D        | Killed a fire dragon
  5434 | D        | Killed a stone giant
  5788 | D        | Noticed Donald
  5795 | D        | Killed Donald
  5796 | D        | Reached skill level 10 in Shields
  5802 | D        | Noticed Eustachio
  5809 | D        | Killed Eustachio
  5843 | D        | Reached skill level 25 in Stealth
  6026 | D        | Noticed a bunyip
  6122 | D        | Killed a bunyip
  6427 | D        | Reached skill level 26 in Stealth
  6714 | D        | Noticed a ghost moth
  6737 | D        | Killed a ghost moth
  6828 | D        | Noticed a ghost moth
  6850 | D        | Killed a ghost moth
  7373 | D        | Noticed a merfolk impaler
  7373 | D        | Noticed a merfolk javelineer
  7392 | D        | Killed a merfolk javelineer
  7414 | D        | Killed a merfolk impaler
  7793 | D        | Noticed an entropy weaver
  7793 | D        | Noticed a broodmother
  7815 | D        | Killed an entropy weaver
  7816 | D        | Reached skill level 27 in Stealth
  7820 | D        | Killed a broodmother
  7821 | D        | Reached XP level 14. HP: 53/79 MP: 20/28
  7831 | D        | Reached skill level 15 in Short Blades
  8308 | D        | Noticed Nergalle
  8343 | D        | Killed Nergalle
  8586 | D        | Noticed a purple very ugly thing
  8595 | D        | Noticed a stone giant
  8595 | D        | Noticed a fire giant
  8595 | D        | Noticed a stone giant
  8595 | D        | Noticed a fire giant
  8605 | D        | Killed a purple very ugly thing
  9319 | D        | Slain by a fire giant

Illustrated notes

Levels and vault maps discovered:
D:        linesprint [early_d, line_temple, items_1, d_10, items_2, lair_1,
          lair_end, items_3, orc_1, orc_end, items_4, d_15, swamp_1, shoals_1,
          snake_1, spider_1, d_20, vaults_1, items_5, swamp_end, shoals_end,
          snake_end, spider_end, vaults_end, d_27, items_6, zot_1, zot_end,
          crypt_end, forest_end, elf_end, slime_end, tomb_end, abyss_end,
          pan_hell_end]

Skill      XL: |  1  2  3  4  5  6  7  8  9 10 11 12 13 14 |
---------------+-------------------------------------------+-----
Stealth        | 2 4 5 8 10 12 14 16 18 21 24 27 | 27.0
Fighting       | 3 4 5 6 7 8 9 10 11 12 | 12.2
Short Blades   | 3 4 6 7 9 10 11 13 14 15 | 15.4
Dodging        | 5 6 8 9 11 12 14 16 18 21 23 24 | 24.5
Shields        | 3 4 5 6 7 8 9 11 12 | 12.3
Invocations    | 4 5 7 8 10 11 13 16 18 | 18.9

Action                   |  1- 3 |  4- 6 |  7- 9 | 10-12 | 13-15 || total
-------------------------+-------+-------+-------+-------+-------++-------
Melee: Rapier            |    42 |     4 |    50 |   263 |   131 ||   490
       Quick blade       |       |       |       |       |   175 ||   175
Invok: Line Pass         |       |       |     4 |    22 |    20 ||    46
  Use: Potion            |     1 |     3 |     4 |     2 |     8 ||    18
       Scroll            |       |       |       |     3 |       ||     3
 Stab: Invisible         |       |     2 |     4 |       |       ||     6
       Paralysed         |       |       |     4 |    15 |     9 ||    28
       Sleeping          |       |       |     1 |     6 |     6 ||    13
       Confused          |       |       |     2 |    15 |    24 ||    41
       Distracted        |       |       |     1 |     1 |     1 ||     3
       Petrified         |       |       |       |     1 |       ||     1
Armor: Robe              |     2 |     1 |     1 |       |       ||     4
       Steam dragon scal |       |       |     3 |    20 |    15 ||    38
Dodge: Dodged            |    29 |     6 |    52 |   112 |   168 ||   367
Block: Buckler           |    11 |     3 |    12 |    58 |    68 ||   152
